 Dungeon Sprint DCSS version 0.21.1-1-g345015f (webtiles) character file.

84 Fang the Chopper (level 4, -2/47 HPs)
             Began as a Minotaur Berserker on Apr 23, 2018.
             Was a Believer of Trog.
             Splashed by an oklob sapling priest's acid (12 damage)
             ... in the Dungeon (Sprint IV: "Fedhas' Mad Dash").
             The game lasted 00:00:40 (389 turns).

Fang the Chopper (Minotaur Berserker)                Turns: 389, Time: 00:00:41

Health: -2/47      AC: -1    Str: 23    XL:     4   Next: 23%
Magic:  5/12       EV: 13    Int:  4    God:    Trog [**....]
Gold:   77         SH:  0    Dex:  9    Spells: 3/3 levels left

rFire    . . .     SeeInvis .   a - +0 hand axe
rCold    . . .     Gourm    .   (no shield)
rNeg     . . .     Faith    .   b - +0 animal skin
rPois    .         Spirit   .   (helmet restricted)
rElec    .         Reflect  .   (no cloak)
rCorr    .         Harm     .   (no gloves)
MR       .....     NoTele   +   (no boots)
Stlth    +.........             l - amulet of invisibility {+Inv}
HPRegen  0.15/turn              k - ring of magical power
MPRegen  0.13/turn              (no ring)

@: corroded
A: retaliatory headbutt, horns 2
a: Berserk, Trog's Hand, Burn Spellbooks, Renounce Religion, Evoke Invisibility


You were in the Dungeon.
You worshipped Trog.
Trog was pleased with you.
You were not hungry.

You visited 1 branch You collected 77 gold pieces.

Inventory:

Hand Weapons
 a - a +0 hand axe (weapon)
Armour
 b - a +0 animal skin (worn)
Jewellery
 k - a ring of magical power (left hand)
 l - the amulet of invisibility (around neck) {+Inv}
   (You found it in the Dungeon)

   [amulet of nothing]

   It lets you turn invisible.
Scrolls
 i - a scroll of blinking
 j - a scroll of identify {unknown}
Potions
 d - a potion of curing
 e - a potion of heal wounds
 f - a potion of haste
 g - 2 potions of magic
 h - a potion of berserk rage
Comestibles
 c - a ration


   Skills:
 + Level 7.1 Fighting
 + Level 7.3 Axes
 + Level 3.8 Armour
 + Level 3.7 Dodging


You had 3 spell levels left.
You didn't know any spells.

Dungeon Overview and Level Annotations

Branches:
Dungeon (1/1)

Altars:
Cheibriados
Dithmenos
Elyvilon
Gozag
Hepliaklqana
Kikubaaqudgha
Makhleb
Nemelex Xobeh
Okawaru
Qazlal
Ru
Sif Muna
Trog
Uskayaw
Vehumet
Wu Jian
Xom
Yredelemnul
Zin
The Shining One
Beogh
Jiyva
Lugonu

Annotations:
D exclusion: oklob sapling


Innate Abilities, Weirdness & Mutations

You reflexively headbutt those who attack you in melee.
You have a pair of horns on your head.


Message History

You now have 77 gold pieces (gained 13).
There is an open door here.
You open the door.
Found ten altars.
Marking area around the oklob sapling priest as unsafe for travelling.
An oklob sapling priest comes into view.
Found three altars.
There is an open door here.
The oklob sapling priest begins to cast a cantrip, but forgets the words!
Found three altars.
Found two altars.
The oklob sapling priest spits acid at you.
The splash of acid hits you!
You are splashed with acid!
The acid burns!
Found three altars.
There is an opulent altar of Gozag here.
The oklob sapling priest spits acid at you.
The splash of acid hits you!
* * * LOW HITPOINT WARNING * * *
The acid corrodes you!
You are splashed with acid!
The acid burns!
You die...

########################
#.....#.....#.⌠._._._._.
'.÷...'.#[..'.._@_._._._
#.....#.#...#..._._P_._.
##########'##.._._._._._
+...#._._._._._.
#...############ #####


You could see an oklob sapling priest.

Vanquished Creatures
  2 oklob saplings (D)
  A worker ant (D)
  A river rat (D)
  A rat (D)
5 creatures vanquished.

Notes
Turn   | Place    | Note
-------+----------+-------------------------------------------
     0 | D        | Fang the Minotaur Berserker began the quest for the Orb.
     0 | D        | Reached XP level 1. HP: 19/19 MP: 0/0
     7 | D        | Reached XP level 2. HP: 28/28 MP: 1/1
    22 | D        | Noticed an oklob sapling
    50 | D        | Killed an oklob sapling
    50 | D        | Reached ** piety under Trog
    50 | D        | Reached skill level 5 in Fighting
    50 | D        | Reached XP level 3. HP: 37/37 MP: 2/2
    54 | D        | Found the amulet of invisibility {+Inv}
   367 | D        | Noticed an oklob sapling
   371 | D        | Killed an oklob sapling
   371 | D        | Reached XP level 4. HP: 47/47 MP: 2/3
   384 | D        | Found an opulent altar of Gozag.
   384 | D        | Found a hazy altar of Hepliaklqana.
   384 | D        | Found a burning altar of Makhleb.
   384 | D        | Found a roughly hewn altar of Beogh.
   384 | D        | Found a sparkling altar of Nemelex Xobeh.
   384 | D        | Found a snail-covered altar of Cheibriados.
   384 | D        | Found a sacrificial altar of Ru.
   384 | D        | Found a deep blue altar of Sif Muna.
   384 | D        | Found a shimmering altar of Xom.
   384 | D        | Found a basalt altar of Yredelemnul.
   385 | D        | Found a viscous altar of Jiyva.
   385 | D        | Found a bloodstained altar of Trog.
   385 | D        | Found an ornate altar of the Wu Jian Council.
   386 | D        | Found an iron altar of Okawaru.
   386 | D        | Found a shadowy altar of Dithmenos.
   386 | D        | Found a glowing silver altar of Zin.
   387 | D        | Found an ancient bone altar of Kikubaaqudgha.
   387 | D        | Found a hide-covered altar of Uskayaw.
   388 | D        | Found a stormy altar of Qazlal.
   388 | D        | Found a white marble altar of Elyvilon.
   388 | D        | Found a glowing golden altar of the Shining One.
   389 | D        | Found a corrupted altar of Lugonu.
   389 | D        | Found a radiant altar of Vehumet.
   389 | D        | Splashed by an oklob sapling priest's acid

Skill      XL: |  1  2  3 |
---------------+----------+-----
Fighting       | 4 5 7 |  7.1
Axes           | 4 6 7 |  7.3
Armour         | 3 |  3.8
Dodging        | 3 |  3.7

Action                   |  1- 3 |  4- 6 || total
-------------------------+-------+-------++-------
Melee: Hand axe          |    17 |       ||    17
       Headbutt          |     4 |       ||     4
Armor: Animal skin       |     1 |       ||     1
Dodge: Dodged            |     7 |       ||     7
